 Dungeon Crawl Stone Soup version 0.30-a0-365-ge7f957f1db (webtiles) character file.

Game seed: 8378639924506696762

448 dracfodder the Conjurer (level 6, -7/46 HPs)
             Began as a Draconian Conjurer on Nov 16, 2022.
             Was an Initiate of Vehumet.
             Mangled by a two-headed ogre
             ... wielding a +0 giant club
              (21 damage)
             ... on level 5 of the Dungeon on Nov 17, 2022.
             The game lasted 00:20:45 (6216 turns).

dracfodder the Conjurer (Draconian Conjurer)        Turns: 6216, Time: 00:20:45

Health: -7/46      AC:  6    Str:  9    XL:     6   Next: 73%
Magic:  2/13       EV: 12    Int: 21    God:    Vehumet [......]
Gold:   208        SH:  0    Dex:  9    Spells: 12/15 levels left

rFire   . . .      SeeInvis .    e - +0 flail (freeze)
rCold   . . .      Faith    .    (no shield)
rNeg    . . .      Spirit   .    (body armour unavailable)
rPois   .          Reflect  .    (helmet restricted)
rElec   .          Harm     .    (no cloak)
rCorr   .          Rampage  .    (no gloves)
Will    .....                    (no boots)
Stlth   ++........               (no amulet)
HPRegen 0.27/turn                (no ring)
MPRegen 0.13/turn                (no ring)

@: no status effects
A: AC +6, unfitting armour, cold-blooded
a: Renounce Religion


You were on level 5 of the Dungeon.
You worshipped Vehumet.
Vehumet was noncommittal.
You visited 2 branches of the dungeon, and saw 6 of its levels.

You collected 208 gold pieces.

Inventory:

Hand Weapons
 e - a +0 flail of freezing (weapon)
Scrolls
 c - 4 scrolls of identify
 g - a scroll of enchant armour {unknown}
Potions
 a - a potion of magic
 b - 2 potions of cancellation {unknown}
 d - a potion of curing
 f - a potion of lignification {unknown}
 h - a potion of mutation {unknown}
 i - 2 potions of haste {unknown}
 j - a potion of might {unknown}
 l - 2 potions of heal wounds {unknown}


   Skills:
 + Level 0.3 Fighting
 + Level 2.4 Dodging
 + Level 2.5 Stealth
 + Level 0.1 Unarmed Combat
 * Level 5.0 Spellcasting
 + Level 5.6 Conjurations


You had 12 spell levels left.
You knew the following spells:

 Your Spells              Type           Power      Damage    Failure   Level
a - Magic Dart            Conj           100%       1d8       1%          1
b - Searing Ray           Conj           56%        2d6       1%          2

Your spell library contained the following spells:

 Spells                   Type           Power      Damage    Failure   Level
 Dazzling Flash           Conj/Hex       34%        N/A       11%         3
 Ignite Poison            Fire/Tmut/Pois 5%         N/A       32%         3
 Fulminant Prism          Conj/Hex       8%         3d7       34%         4
 Iskenderun's Mystic Bla  Conj/Tloc      17%        2d5       34%         4
 Sticky Flame             Conj/Fire      17%        2d4       34%         4
 Ignition                 Fire           2%         3d3       100%        8


Dungeon Overview and Level Annotations

Branches:
Dungeon (5/15)             Temple (1/1) D:4

Altars:
Ashenzari
Cheibriados
Dithmenos
Elyvilon
Fedhas
Gozag
Kikubaaqudgha
Makhleb
Nemelex Xobeh
Qazlal
Ru
Sif Muna
Uskayaw
Vehumet
Wu Jian
Xom
Yredelemnul
Zin
The Shining One


Innate Abilities, Weirdness & Mutations

Your plain brown scales are hard. (AC +6)
You cannot fit into any form of body armour.
You are cold-blooded and may be slowed by cold attacks.


Message History

The two-headed ogre is moderately wounded.
You finish channelling your searing ray.
The two-headed ogre closely misses you.
The two-headed ogre hits you with a +0 giant spiked club!
An orc comes into view. It is wielding a +0 falchion.
Aiming: Searing Ray (safe; 1% risk of failure)
Press: ? - help, Q - select action, (/) - cycle Shift-Dir - straight line, f - orc, p - two-headed ogre
Aim: an orc, wielding a +0 whip (79% to hit)
The searing ray hits the two-headed ogre!
The two-headed ogre is heavily wounded.
The searing ray hits the orc!
You kill the orc!
Vehumet accepts your kill. (Press . to maintain the ray.)
The two-headed ogre hits you with a +0 giant club.
The two-headed ogre misses you.
An orc comes into view.
It is wielding a +0 flail of protection.
The searing ray hits the two-headed ogre!
The two-headed ogre is severely wounded.
The two-headed ogre barely misses you.
The two-headed ogre hits you with a +0 giant spiked club!
The searing ray hits the two-headed ogre.
The two-headed ogre is severely wounded.
The searing ray hits the orc!
You kill the orc!
Vehumet accepts your kill.
The searing ray hits the two-headed ogre!
The two-headed ogre is almost dead.
You finish channelling your searing ray.
The two-headed ogre barely misses you.
The two-headed ogre hits you with a +0 giant spiked club!
* * * LOW HITPOINT WARNING * * *
Aiming: Searing Ray (safe; 1% risk of failure)
Press: ? - help, Q - select action, (/) - cycle Shift-Dir - straight line, f - two-headed ogre
Aim: a two-headed ogre, wielding a +0 giant club and a +0 giant spiked club (almost dead, 90% to hit)
The searing ray hits the two-headed ogre.
The two-headed ogre is almost dead. (Press . to maintain the ray.)
The two-headed ogre hits you with a +0 giant club!!
You die...

#..)<...#
#.......#
#.......# #
##.....## ####.
#.....##
......##<#####
#....<...#########
####.............#
##.#.#@######...
#.#.#.O..# #
#.####o)... #.#
#.## ..# .. ###


You could see a two-headed ogre and an orc.

Vanquished Creatures
  A black bear (D:3)
  2 orc priests (D:3)
  An iguana (D:4)
  2 orc wizards (D:3)
  4 gnolls (D:2)
  6 adders
  A white imp (D:4)
  A worm (D:4)
  2 dart slugs
  14 orcs
  9 endoplasms
  4 giant cockroaches
  11 goblins
  7 hobgoblins
  6 jackals
  3 kobolds
  7 ball pythons
  9 bats
  4 frilled lizards
  A goblin skeleton (D:4)
  A goblin zombie (D:4)
  A hobgoblin zombie (D:4)
  A kobold skeleton (D:4)
  3 kobold zombies (D:4)
  An orc skeleton (D:4)
  An orc zombie (D:4)
  9 rats
112 creatures vanquished.

Vanquished Creatures (collateral kills)
  A quokka (D:2)
1 creature vanquished.

Grand Total: 113 creatures vanquished

Notes
Turn   | Place    | Note
-------+----------+-------------------------------------------
     0 | D:1      | dracfodder the Draconian Conjurer began the quest for the
                  | Orb.
     0 | D:1      | Reached XP level 1. HP: 14/14 MP: 3/3
   350 | D:1      | Reached XP level 2. HP: 20/20 MP: 1/5
   396 | D:1      | Learned a level 2 spell: Searing Ray
   877 | D:1      | Reached XP level 3. HP: 26/26 MP: 2/6
  1543 | D:2      | Reached skill level 5 in Conjurations
  1608 | D:2      | Reached XP level 4. HP: 33/33 MP: 3/7
  2926 | D:3      | Reached XP level 5. HP: 32/38 MP: 3/9
  3616 | D:3      | Noticed a black bear
  3622 | D:3      | Killed a black bear
  3623 | D:3      | Reached XP level 6. HP: 40/45 MP: 3/12
  3735 | D:3      | Found a broken altar of Ashenzari.
  3761 | D:3      | Found a snail-covered altar of Cheibriados.
  4719 | D:4      | Found a glowing golden altar of the Shining One.
  5167 | D:4      | Reached skill level 5 in Spellcasting
  5387 | D:4      | Found a staircase to the Ecumenical Temple.
  5935 | Temple   | Entered the Ecumenical Temple
  6115 | Temple   | Became a worshipper of Vehumet
  6190 | D:5      | Entered Level 5 of the Dungeon
  6206 | D:5      | Noticed a two-headed ogre
  6216 | D:5      | Mangled by a two-headed ogre

Illustrated notes

Levels and vault maps discovered:
D:1:      dpeg_arrival_ratfight, layout_rooms, st_stairs_4, chequers_mini_garden
D:2:      layout_basic, grunt_decor_resistance, grunt_ministairs_6
D:3:      wad_river_or_something, layout_loops_ring,
          cheibrodos_ashenzari_chains, cheibriados_altar_1
D:4:      layout_loops_corners, nicolae_tso_besieged_by_evil, temple_green,
          serial_glass, glass_columns_a, glass_columns_b,
          minmay_strange_pillars, due_unseen_surprise, feat_on_display,
          minmay_strange_pillars
D:5:      layout_rooms, serial_shops, kennysheep_mini_moat,
          minmay_misc_feat_rows
Temple:   eino_temple_rhombus

Skill      XL: |  1  2  3  4  5  6 |
---------------+-------------------+-----
Conjurations   | 5 |  5.6
Dodging        | 2 |  2.4
Stealth        | 2 |  2.5
Spellcasting   | 3 4 5 |  5.0
Fighting       | |  0.3
Unarmed Combat | |  0.1

Action                   |  1- 3 |  4- 6 || total
-------------------------+-------+-------++-------
Melee: Unarmed           |     3 |       ||     3
       Flail             |       |    25 ||    25
 Cast: Magic Dart        |    60 |    71 ||   131
       Searing Ray       |     4 |    34 ||    38
  Use: Scroll            |     2 |    10 ||    12
       Potion            |       |     2 ||     2
Armor: Skin              |     6 |    14 ||    20
Dodge: Dodged            |    12 |    20 ||    32

Table legend: (Time is in decaauts)
 A = Elapsed time spent in this place.
 B = Non-inter-level travel time spent in this place.
 C = Inter-level travel time spent in this place.
 D = Time resting spent in this place.
 E = Time spent auto-exploring this place.
 F = Levels seen in this place.
 G = Mean time per level.
                   A        B        C        D        E       F      G
               +--------+--------+--------+--------+--------+-----+--------+
         Total |   6226 |   5982 |    244 |   2274 |   3037 |   6 | 1037.7 |
       Dungeon |   6029 |   5819 |    210 |   2274 |   2897 |   5 | 1205.8 |
        Temple |    196 |    162 |     34 |      0 |    140 |   1 |  196.0 |
               +--------+--------+--------+--------+--------+-----+--------+

Top non-repeatable levels by time:
     D:4: 1669 daAuts
     D:3: 1610 daAuts
     D:2: 1584 daAuts
     D:1: 1139 daAuts
  Temple: 196 daAuts
     D:5: 25 daAuts
